 Dungeon Crawl Stone Soup version 0.29.1-2-gbd0b4ee654 (webtiles) character file.

Game seed: 14241128498404790986

51 Sabo the Ducker (level 4, 0/33 HPs)
             Began as a Djinni Gladiator on Nov 7, 2022.
             Slain by a goblin
             ... wielding a +0 club
             ... led by Robin
              (3 damage)
             ... on level 2 of the Dungeon.
             The game lasted 00:07:04 (1717 turns).

Sabo the Ducker (Djinni Gladiator)                  Turns: 1717, Time: 00:07:05

Health: 0/33       AC:  5    Str: 15    XL:     4   Next: 5%
Gold:   19         EV: 13    Int: 15    God:
                   SH:  0    Dex: 15

rFire   + + .      SeeInvis .   a - +0 war axe
rCold   x . .      Faith    .   (no shield)
rNeg    . . .      Spirit   .   m - +0 leather armour
rPois   ∞          Reflect  .   c - +0 helmet
rElec   .          Harm     .   (no cloak)
rCorr   .          Rampage  .   f - +0 pair of gloves
Will    .....                   (boots unavailable)
Stlth   +.........              (no amulet)
HPRegen 0.11/turn               j - +6 ring of intelligence
MPRegen 0.00/turn               (no ring)

@: flying
A: sickness immunity, fire resistance 2, cold vulnerability 1, float, innate
caster, HP casting, extra vitality 1
a: no special abilities


You were on level 2 of the Dungeon.
You visited 1 branch of the dungeon, and saw 2 of its levels.

You collected 19 gold pieces.

Inventory:

Hand Weapons
 a - a +0 war axe (weapon)
Missiles
 d - 3 throwing nets
 e - a javelin (quivered)
Armour
 c - a +0 helmet (worn)
 f - a +0 pair of gloves (worn)
 m - a +0 leather armour (worn)
Jewellery
 j - a +6 ring of intelligence (left hand)
Scrolls
 b - a scroll of enchant weapon {unknown}
 g - 2 scrolls of identify {unknown}
 i - a scroll of teleportation {unknown}
 l - a scroll of poison {unknown}
 n - a scroll of magic mapping {unknown}
 p - a scroll of brand weapon {unknown}
Potions
 h - a potion of cancellation {unknown}
 k - a potion of resistance {unknown}
 o - a potion of attraction {unknown}


   Skills:
 + Level 2.2 Fighting
 + Level 3.0 Axes
 + Level 1.6 Throwing
 + Level 1.1 Armour
 + Level 3.8 Dodging


You had 2 spell levels left.
You knew the following spells:

 Your Spells              Type           Power      Damage    Failure   Level
a - Summon Small Mammal   Summ           0%         N/A       32%         1
Your spell library was empty.

Dungeon Overview and Level Annotations

Branches:
Dungeon (2/15)

Altars:

Annotations:
D:2 Robin


Innate Abilities, Weirdness & Mutations

You are immune to sickness and miasma.
You are immune to poison.
Your flesh is very heat resistant. (rF++)
You are vulnerable to cold. (rC-)
You float through the air rather than walking.
You learn spells naturally, not from books.
Your magical power is your life essence.
You have superior vitality. (+4 MHP)


Message History

You kill the goblin!
The goblin barely misses you.
You have reached level 4!
You feel agile.
You closely miss the goblin. The goblin hits you with a +0 club.
You closely miss the goblin. The goblin hits you with a +0 club.
You hit the goblin.
The goblin is almost dead.
Robin throws the goblin at you! The goblin hits you with a +0 club.
The goblin hits you but does no damage. The goblin barely misses you.
The goblin hits you but does no damage.
You slash the goblin!
You kill the goblin!
You closely miss the goblin. The goblin closely misses you.
You barely miss the goblin. You closely miss the goblin.
Robin roars a battlecry!
The goblins go into a battle-frenzy!
The goblin barely misses you. x2
You hit the goblin.
The goblin is heavily wounded.
You barely miss the goblin. The goblin misses you. x2
The goblin closely misses you. x2
You hit the goblin but do no damage.
The goblin is heavily wounded.
You closely miss the goblin. The goblin hits you with a +0 club.
Robin's horned helmet rattles.
The goblin barely misses you.
You slash the goblin!
You kill the goblin!
You closely miss the goblin. The goblin hits you with a +0 club. x2
* * * LOW HITPOINT WARNING * * *
The goblin hits you but does no damage.
You hit the goblin but do no damage. You barely miss the goblin.
The goblin hits you with a +0 dagger.
* * * LOW HITPOINT WARNING * * *
The goblin barely misses you.
You hit the goblin.
You kill the goblin!
You barely miss the goblin. The goblin hits you with a +0 club.
You die...

.. #......PPPP...# .
#...........P.. .
#.<....P.8..P.#
#..........PP.#
###g...PP.P...#
##g##..P.P.... .#
#gw##......## .#
#)###..##### ### .# #@#
##.### ..## .# #g# #...#
...## .# ##.# ###.# ..>.#
#.# ###..# ###.#
....###.#####...#####...#
......................###
....##.###.############
....##.#...# ....##...###


You could see Robin, a dart slug, a hobgoblin (strong) and 2 goblins.

Vanquished Creatures
  A worm (D:2)
  3 bats
  2 endoplasms (D:1)
  12 goblins
  8 hobgoblins
  5 jackals (D:1)
  2 quokkas (D:1)
  3 ball pythons (D:1)
  A frilled lizard (D:1)
  A kobold (D:1)
  2 rats (D:1)
40 creatures vanquished.

Vanquished Creatures (others)
  2 fungi (D:2)
2 creatures vanquished.

Grand Total: 42 creatures vanquished

Notes
Turn   | Place    | Note
-------+----------+-------------------------------------------
     0 | D:1      | Sabo the Djinni Gladiator began the quest for the Orb.
     0 | D:1      | Reached XP level 1. HP: 18/18 MP: 0/0
   204 | D:1      | Reached XP level 2. HP: 12/23 MP: 0/0
   772 | D:1      | Reached XP level 3. HP: 21/28 MP: 0/0
   772 | D:1      | Learned a level 1 spell: Summon Small Mammal
  1605 | D:2      | Reached skill level 1 in Armour
  1684 | D:2      | Noticed Robin
  1708 | D:2      | Reached XP level 4. HP: 21/33 MP: 0/0
  1717 | D:2      | Slain by a goblin

Illustrated notes

Levels and vault maps discovered:
D:1:      co_arrival_square_in_a_square_in_a_square, layout_loops_ring
D:2:      layout_rooms, basic_ecumenical_altar, skrybe_limestone_x,
          dreamdust_mushroom_princess, amcnicky_mini_corridor_feature,
          uniq_robin

Skill      XL: |  1  2  3 |
---------------+----------+-----
Axes           | 3 |  3.0
Armour         | 1 |  1.1
Fighting       | |  2.2
Throwing       | |  1.6
Dodging        | |  3.8

Action                   |  1- 3 |  4- 6 || total
-------------------------+-------+-------++-------
Melee: War axe           |   110 |    10 ||   120
       Punch             |     1 |       ||     1
Armor: Leather armour    |     8 |     4 ||    12
       Ring mail         |    27 |       ||    27
Dodge: Dodged            |   101 |    10 ||   111
